 Dungeon Crawl Stone Soup version 0.28.0-53-g5a82cb258f (webtiles) character file.

Game seed: 8924776537205303754

2572 MiltankisOP the Transmogrifier (level 9, 0/88 HPs)
             Began as a Purple Draconian Transmuter on June 20, 2022.
             Was a Follower of Makhleb.
             Slain by a killer bee (8 damage)
             ... on level 8 of the Dungeon.
             The game lasted 00:24:58 (8524 turns).

MiltankisOP the Transmogrifier (DrTm)               Turns: 8524, Time: 00:24:58

Health: 0/88       AC:  8    Str: 12    XL:     9   Next: 32%
Magic:  14/16      EV: 10    Int: 18    God:    Makhleb [*.....]
Gold:   422        SH:  0    Dex: 12    Spells: 11/18 levels left

rFire   x . .      SeeInvis .     - Unarmed
rCold   + + +      Faith    .   (shield currently unavailable)
rNeg    . . .      Spirit   .   (armour unavailable)
rPois   +          Reflect  .   (helmet currently unavailable)
rElec   .          Harm     .   (cloak currently unavailable)
rCorr   .          Rampage  .   (gloves currently unavailable)
Will    +....                   (boots currently unavailable)
Stlth   +.........              (no amulet)
HPRegen 0.24/turn               (no ring)
MPRegen 0.15/turn               (no ring)

@: ice-form (expiring), wereblooded
A: freezing attack, amphibious, boosted hp, (breathe power), AC +7, large,
unfitting armour, (cold-blooded)
a: End Transformation, Renounce Religion


You were on level 8 of the Dungeon.
You worshipped Makhleb.
Makhleb was aware of your devotion.
You were a creature of crystalline ice.
You visited 2 branches of the dungeon, and saw 9 of its levels.

You collected 422 gold pieces.

Inventory:

Hand Weapons
 p - the +5 dagger "Nelub" (melded) {vamp, rPois MP+9}
   (You found it on level 4 of the Dungeon)

   It occasionally heals its wielder for a portion of the damage dealt when it
   wounds a living foe.
   rPois:     It protects you from poison.
   MP:        It affects your magic capacity (+9).
 t - the +5 dagger of the Firefly {venom, rN+ Str-3 Int+3 Stlth+}
   (You took it off an orc on level 6 of the Dungeon)

   It poisons the flesh of those it strikes.
   Str:       It affects your strength (-3).
   Int:       It affects your intelligence (+3).
   rN:        It protects you from negative energy.
   Stlth:     It makes you more stealthy.
Missiles
 j - a throwing net
Jewellery
 k - an amulet of magic regeneration
Wands
 h - a wand of flame (23)
 s - a wand of polymorph (9)
 x - a wand of iceblast (5)
Scrolls
 a - 2 scrolls of magic mapping {unknown}
 b - 4 scrolls of blinking {unknown}
 c - a scroll of fear {unknown}
 d - 2 scrolls of fog {unknown}
 e - 2 scrolls of silence {unknown}
 f - 6 scrolls of identify
 l - 3 scrolls of teleportation {unknown}
 q - a scroll of enchant weapon {unknown}
 u - a scroll of noise {unknown}
 v - a scroll of holy word {unknown}
 w - a scroll of immolation {unknown}
 y - a scroll of summoning {unknown}
 z - a scroll of enchant armour {unknown}
Potions
 g - 3 potions of curing
 i - 3 potions of brilliance
 m - a potion of mutation
 r - a potion of attraction


   Skills:
 - Level 5.0 Fighting
 - Level 1.7 Dodging
 - Level 3.0 Unarmed Combat
 - Level 5.0 Spellcasting
 + Level 8.9 Transmutations
 - Level 7.0 Ice Magic


You had 11 spell levels left.
You knew the following spells:

 Your Spells              Type           Power      Damage    Failure   Level
a - Beastly Appendage     Tmut           72%        N/A       1%          1
b - Wereblood             Tmut           36%        N/A       1%          2
c - Ice Form              Ice/Tmut       33%        N/A       4%          4

Your spell library contained the following spells:

 Spells                   Type           Power      Damage    Failure   Level
 Spider Form              Tmut/Pois      20%        N/A       6%          3
 Sublimation of Blood     Necr           4%         N/A       21%         2
 Petrify                  Tmut/Erth      20%        N/A       22%         4
 Confusing Touch          Hex            4%         N/A       36%         3
 Gell's Gravitas          Tloc           4%         N/A       36%         3
 Teleport Other           Tloc           4%         N/A       36%         3
 Irradiate                Conj/Tmut      10%        3d16      52%         5
 Yara's Violent Unravell  Hex/Tmut       10%        3d6       52%         5
 Dispersal                Tloc           2%         N/A       100%        6
 Enfeeble                 Hex            2%         N/A       100%        7


Dungeon Overview and Level Annotations

Branches:
Dungeon (8/15)             Temple (1/1) D:4
   Lair: D:8-11

Altars:
Ashenzari
Cheibriados
Dithmenos
Elyvilon
Fedhas
Gozag
Hepliaklqana
Kikubaaqudgha
Makhleb
Nemelex Xobeh
Okawaru
Qazlal
Sif Muna
Trog
Uskayaw
Vehumet
Wu Jian
Xom
Yredelemnul
Zin
The Shining One
Beogh

Shops:
D:6 (


Innate Abilities, Weirdness & Mutations

You are a creature of crystalline ice.
You have a powerful freezing melee attack.
You are amphibious.
Your maximum health is increased.
Your armour is entirely melded.
You are incapable of wielding weapons or throwing items.
((You can breathe bolts of dispelling energy.))
((Your rich purple scales are hard. (AC +7)))
You cannot fit into any form of body armour.
((You are cold-blooded and may be slowed by cold attacks.))


Message History

A killer bee comes into view.
The killer bee closely misses you.
A killer bee comes into view.
The killer bee buzzes angrily. x2; You hear an angry buzzing noise.
You hear a bellow!
The killer bee stings you.
You are poisoned.
The killer bee poisons you!
You feel very sick.
You feel sick.
You feel sick.
The killer bee stings you but does no damage.
The killer bee stings you.
* * * LOW HITPOINT WARNING * * *
You feel sick. The killer bee stings you.
* * * LOW HITPOINT WARNING * * *
The killer bee stings you.
* * * LOW HITPOINT WARNING * * *
You feel sick. The killer bee barely misses you. The killer bee stings you.
* * * LOW HITPOINT WARNING * * *
The killer bee closely misses you.
You feel sick.
The killer bee stings you but does no damage.
Found a stone staircase leading down.
You feel sick.
The killer bee stings you but does no damage.
You feel better.
Your transformation is almost over.
The killer bee stings you!
* * * LOW HITPOINT WARNING * * *
The killer bee stings you.
* * * LOW HITPOINT WARNING * * *
Casting: Ice Form (dangerous; 4% risk of failure)
Confirm with . or Enter, or press ? or * to list all spells.
Your blood is infused with primal strength.
The killer bee stings you.
* * * LOW HITPOINT WARNING * * *
The killer bee barely misses you.
You closely miss the killer bee. The killer bee closely misses you.
The killer bee stings you!
You die...

.## #(. ..## #.#
###...# #.# ...#### #.#
......###.#
...###...####
###.........#### ##.#
...###...###..y###....#
yy....###...ZYyyY.##
...###...###oYy###.#
....
#.........###...#..
#.#.....#.
...###...###.#....# ...
.#.....#. .
....###...#.....# ...
........
..###.#....#....## >#
....... #..[..#...## #
.... #....#o###.# #.
##.# #...###Y..## #.#
###†.####


You could see 2 ice beasts, 4 killer bees, an orc and a hornet zombie.

Vanquished Creatures
  A manticore (D:7)
  Sigmund (D:2)
  A yak (D:4)
  A steam dragon (D:7)
  A water moccasin (D:7)
  2 orc warriors
  An ogre (D:7)
  2 necrophages
  2 bullfrogs
  2 scorpions
  A wyvern skeleton (D:7)
  A wight (D:8)
  A howler monkey (D:2)
  A bullfrog zombie (D:5)
  4 orc priests (D:6)
  2 centaur skeletons
  A hound (D:6)
  A bullfrog skeleton (D:5)
  A centaur zombie (D:6)
  Jessica (D:2)
  Terence (D:3)
  Natasha (twice) (D:2)
  3 iguanas
  5 orc wizards
  3 hound skeletons
  A hound zombie (D:5)
  A mummy (D:8)
  5 gnolls
  2 adders
  A shadow imp (D:6)
  2 white imps (D:6)
  A worm (D:3)
  2 dart slugs
  21 orcs
  4 ball pythons
  4 bats
  7 endoplasms
  2 giant cockroaches (D:1)
  10 goblins
  6 hobgoblins
  10 jackals
  7 kobolds
  5 quokkas
  5 frilled lizards
  4 rats (D:1)
142 creatures vanquished.

Vanquished Creatures (others)
  6 plants (D:2)
  7 withered plants (D:8)
13 creatures vanquished.

Grand Total: 155 creatures vanquished

Notes
Turn   | Place    | Note
-------+----------+-------------------------------------------
     0 | D:1      | MiltankisOP the Draconian Transmuter began the quest for
                  | the Orb.
     0 | D:1      | Reached XP level 1. HP: 16/16 MP: 3/3
   185 | D:1      | Reached skill level 1 in Ice Magic
   213 | D:1      | Reached XP level 2. HP: 18/23 MP: 3/5
   700 | D:1      | Reached XP level 3. HP: 18/28 MP: 4/6
   855 | D:1      | Reached skill level 3 in Transmutations
  1098 | D:1      | Found a faded altar of an unknown god.
  1429 | D:2      | Reached XP level 4. HP: 27/35 MP: 5/7
  1816 | D:2      | Noticed Sigmund
  1949 | D:2      | Noticed Jessica
  1989 | D:2      | Killed Jessica
  2264 | D:2      | Reached skill level 4 in Transmutations
  2264 | D:2      | Reached XP level 5. HP: 35/40 MP: 8/8
  2347 | D:2      | Noticed Natasha
  2372 | D:2      | Killed Natasha
  2723 | D:3      | Found an ancient bone altar of Kikubaaqudgha.
  2865 | D:3      | Noticed Terence
  2876 | D:3      | Killed Terence
  2975 | D:3      | Found a white marble altar of Elyvilon.
  3007 | D:3      | Reached XP level 6. HP: 35/47 MP: 7/9
  3943 | D:4      | Found a hide-covered altar of Uskayaw.
  3994 | D:4      | Found a staircase to the Ecumenical Temple.
  3998 | Temple   | Entered the Ecumenical Temple
  4089 | Temple   | Became a worshipper of Makhleb the Destroyer
  4286 | D:4      | Reached skill level 5 in Transmutations
  4513 | D:4      | Found a shadowy altar of Dithmenos.
  4544 | D:4      | Identified the +5 dagger "Nelub" {vamp, rPois MP+9}
  4765 | D:5      | Entered Level 5 of the Dungeon
  4937 | D:5      | Noticed a yak
  4961 | D:5      | Noticed a yak
  4969 | D:5      | Noticed a yak
  4969 | D:5      | Noticed a yak
  4969 | D:5      | Noticed a yak
  5289 | D:2      | Noticed Natasha
  5297 | D:2      | Killed Natasha
  5298 | D:2      | Reached skill level 5 in Ice Magic
  5330 | D:2      | Killed Sigmund
  5331 | D:2      | Your scales start taking on a rich purple colour.
  5331 | D:2      | Reached XP level 7. HP: 55/58 MP: 10/10
  5458 | D:4      | Killed a yak
  5776 | D:6      | Found a shimmering altar of Xom.
  5888 | D:6      | Found Nuoddier's Weapon Boutique.
  5897 | D:6      | Identified the +5 dagger of the Firefly {venom, rN+ Str-3
                  | Int+3 Stlth+}
  5900 | D:6      | Reached * piety under Makhleb
  5901 | D:6      | Reached skill level 5 in Fighting
  5951 | D:6      | Reached skill level 5 in Spellcasting
  5951 | D:6      | Reached XP level 8. HP: 43/68 MP: 15/15
  6203 | D:6      | Found an opulent altar of Gozag.
  6517 | D:6      | Learned a level 2 spell: Wereblood
  7101 | D:7      | Reached skill level 6 in Transmutations
  7530 | D:7      | Reached skill level 7 in Transmutations
  7550 | D:7      | Identified the +1 robe of Teuqoef {Rampage Will+ Regen+
                  | Str+4}
  7556 | D:7      | Learned a level 4 spell: Ice Form
  7640 | D:7      | Found a glowing golden altar of the Shining One.
  7640 | D:7      | Found a shimmering blue altar of Sif Muna.
  7647 | D:7      | Found a faded altar of an unknown god.
  7649 | D:7      | Found a hazy altar of Hepliaklqana.
  7651 | D:7      | Found a glowing silver altar of Zin.
  7865 | D:7      | Noticed a manticore
  7873 | D:7      | Killed a manticore
  7874 | D:7      | Reached skill level 8 in Transmutations
  7874 | D:7      | Reached XP level 9. HP: 38/74 MP: 16/16
  8524 | D:8      | Slain by a killer bee

Illustrated notes

Levels and vault maps discovered:
D:1:      amcnicky_arrival_feature_with_door, layout_basic,
          hellmonk_ecumenical_altar_defaced_shrine
D:2:      cheibrodos_old_hovel, layout_basic, uniq_natasha, uniq_sigmund,
          uniq_jessica
D:3:      layout_loops_ring, lemuel_round_altar, kiku_gazebo_garden_becter,
          uniq_terence
D:4:      cheibrodos_quashed, layout_cave_pools,
          nicolae_uskayaw_murder_on_the_dancefloor,
          nicolae_dithmenos_through_a_glass_darkly
D:5:      layout_cave_pools
D:6:      layout_basic, mainiacjoe_overflow_surrounded_room,
          mainiacjoe_overflow_alcove_1, serial_shops,
          nicolae_shop_bloodbath_and_beyond
D:7:      layout_cave_pools, chequers_temple_overflow_minitemple
D:8:      nicolae_BIG_FREAKIN_CUBE, layout_loops_corners, serial_undead,
          serial_undead_b, serial_undead_c, serial_undead_e, serial_undead_a
Temple:   jpeg_temple_clearing

Skill      XL: |  1  2  3  4  5  6  7  8 |
---------------+-------------------------+-----
Ice Magic      | 1 2 3 4 5 7 |  7.0
Transmutations | 3 4 5 8 |  8.9
Fighting       | 3 5 |  5.0
Spellcasting   | 5 |  5.0
Dodging        | |  1.7
Unarmed Combat | |  3.0

Action                   |  1- 3 |  4- 6 |  7- 9 || total
-------------------------+-------+-------+-------++-------
Melee: Unarmed           |   100 |   173 |    49 ||   322
       Kick              |    20 |    59 |    40 ||   119
       Tailslap          |    12 |    23 |    19 ||    54
       Headbutt          |     8 |    24 |    32 ||    64
       Punch             |     2 |     8 |     5 ||    15
       Dagger            |       |    33 |   173 ||   206
 Cast: Beastly Appendage |    20 |    39 |    18 ||    77
       Ice Form          |       |       |     5 ||     5
       Wereblood         |       |       |     3 ||     3
 Abil: Breathe Dispellin |       |       |    10 ||    10
  Use: Scroll            |       |       |     6 ||     6
       Potion            |       |       |     6 ||     6
Armor: Skin              |    25 |    44 |    78 ||   147
Dodge: Dodged            |    62 |   108 |   142 ||   312
